 Dungeon Crawl Stone Soup version 0.16.2-2-g470672f (webtiles) character file.

69217 Enish the Acrobat (level 14, -19/63 HPs)
             Began as a Spriggan Enchanter on Sept 2, 2015.
             Was the Champion of Zin.
             Killed from afar by an ogre mage (60 damage)
             ... with a fireball
             ... on level 4 of the Orcish Mines.
             The game lasted 01:58:26 (23502 turns).

Enish the Acrobat (Spriggan Enchanter)             Turns: 23502, Time: 01:58:26

Health: -19/63     AC:  6    Str:  4    XL:     14   Next: 89%
Magic:  29/36      EV: 40    Int: 18    God:    Zin [******]
Gold:   2497       SH:  8    Dex: 23    Spells: 6 memorised, 19 levels left

rFire  x . .     SeeInvis +     C - +3 dagger (elec)
rCold  + . .     Clarity  +     a - +1 robe {MR+}
rNeg   . . .     SustAb   .     b - +0 buckler
rPois  .         Gourm    .     l - +2 hat
rElec  .         Spirit   .     J - +0 cloak
rCorr  .         Warding  .     (gloves unavailable)
rMut   .         Stasis   .     (boots unavailable)
MR     +++..                    U - amulet of clarity
Stlth  ++++......               B - +3 ring of dexterity
                                h - ring of ice

@: very quick, extremely resistant to hostile enchantments, stealthy
A: unfitting armour, see invisible, herbivore 3, speed 3, slow metabolism 2
a: Recite, Vitalisation, Imprison, Sanctuary, Cure All Mutations, Renounce
Religion


You were on level 4 of the Orcish Mines.
You worshipped Zin.
Zin was exalted by your worship.
You were not hungry.

You visited 3 branches of the dungeon, and saw 23 of its levels.
You also visited: Sewer.

You collected 2643 gold pieces.
You donated 146 gold pieces to Zin.

Inventory:

Hand weapons
 t - a +2 dagger of freezing
 w - a +0 long sword of holy wrath
 A - a +0 blowgun
 C - a +3 dagger of electrocution (weapon)
Missiles
 m - 97 poisoned needles
 z - 8 curare-tipped needles
Armour
 a - a +1 robe of magic resistance (worn)
 b - a +0 buckler (worn)
 l - a +2 hat (worn)
 J - a +0 cloak (worn)
 Q - a +2 robe of cold resistance
Jewellery
 h - a ring of ice (left hand)
 y - an uncursed ring of protection from cold
 B - a +3 ring of dexterity (right hand)
 H - an uncursed ring of poison resistance
 I - the amulet "Rikk" {Gourm Str+5}
   (You found it on level 8 of the Dungeon)

   [amulet of the gourmand]

   It allows you to eat raw meat even when not hungry.
   It affects your strength (+5).
 K - an uncursed ring of protection from fire
 L - an uncursed ring of fire
 U - an amulet of clarity (around neck)
Magical devices
 e - a wand of enslavement (9)
 k - a wand of digging (10)
 N - a wand of digging (6)
 P - a wand of invisibility (1)
Scrolls
 j - 11 scrolls of teleportation
 n - 13 scrolls of identify
 o - a scroll of summoning
 q - 9 scrolls of remove curse
 r - 3 scrolls of fog
 u - 3 scrolls of recharging
 S - 2 scrolls of blinking
 W - 3 scrolls of amnesia
 Y - a scroll of fear
Potions
 d - 3 potions of restore abilities
 f - a potion of berserk rage
 g - a potion of haste
 i - 3 potions of heal wounds
 p - 7 potions of curing
 s - a potion of brilliance
 x - 2 potions of cancellation
 F - a potion of might
 M - a potion of flight
 O - a potion of cure mutation
 T - 2 potions of agility
 Z - a potion of resistance
Books
 c - a book of Maledictions

   Spells                             Type                      Level
   a - Corona                         Hexes                        1
   b - Sure Blade                     Hexes/Charms                 2
   c - Ensorcelled Hibernation        Hexes/Ice                    2
   d - Confuse                        Hexes                        3
   e - Dazzling Spray                 Conjuration/Hexes            3
   f - Enslavement                    Hexes                        4
 D - a book of the Warp

   Spells                             Type                      Level
   a - Recall                         Summoning/Translocation      3
   b - Control Teleport               Charms/Translocation         4
   c - Force Lance                    Conjuration/Translocation    4
   d - Phase Shift                    Translocation                5
   e - Warp Weapon                    Charms/Translocation         5
   f - Gell's Gravitas                Hexes/Translocation          5
   g - Summon Forest                  Summoning/Translocation      5
 V - an Akashic Record {highlevel}

   This book is beyond your current level of understanding.

   Spells                             Type                      Level
   a - Dispersal                      Translocation                6
   b - Controlled Blink               Translocation                7
   c - Malign Gateway                 Summoning/Translocation      7
   d - Disjunction                    Translocation                8
   e - Singularity                    Translocation                9
Miscellaneous
 X - a phial of floods
Comestibles
 v - 4 slices of pizza
 E - 8 bread rations
 R - 14 fruits


   Skills:
 - Level 2.0 Fighting
 - Level 12.0 Short Blades
 - Level 21.2 Dodging
 - Level 4.4 Stealth
 - Level 5.0 Shields
 * Level 12.0 Spellcasting
 - Level 10.0 Hexes
 - Level 9.1 Translocations
 - Level 9.0 Invocations


You had 19 spell levels left.
You knew the following spells:

 Your Spells              Type           Power        Failure   Level  Hunger
a - Corona                Hex            #####..      1%          1    None
b - Ensorcelled Hibernat  Hex/Ice        #####.       1%          2    None
c - Confuse               Hex            #####...     1%          3    None
d - Sure Blade            Hex/Chrm       ####......   1%          2    None
e - Gell's Gravitas       Hex/Tloc       #####.....   4%          5    ####...
f - Phase Shift           Tloc           #####.....   6%          5    ####...


Dungeon Overview and Level Annotations

Branches:
Dungeon (11/15)            Temple (0/1) D:6            Lair (8/8) D:8
  Swamp (0/5) Lair:3       Spider (0/5) Lair:6        Slime (0/6) Lair:6
    Orc (4/4) D:11            Elf (0/3) Orc:4

Altars:
Cheibriados
Dithmenos
Fedhas
Makhleb
Ru
Sif Muna
Xom
Zin
Beogh
Jiyva

Shops:
Orc:3 *   Orc:4 ?[![


Innate Abilities, Weirdness & Mutations

You are tiny and cannot use many weapons and most armour.
You have supernaturally acute eyesight.
You are a herbivore.
You cover ground extremely quickly.
You need consume almost no food.


Message History

Things that are here:
a giant spiked club x2
Things that are here:
a giant spiked club; an ogre corpse An ogre mage comes into view.
It is wielding a flail.
The ogre mage gestures wildly while chanting.
The ogre mage flickers and vanishes for a moment.
There is an entrance to Briuj's Magic Scroll Boutique here.
An ogre comes into view. It is wielding a giant club.
Casting: Ensorcelled Hibernation
Confirm with . or Enter, or press ? or * to list all spells.
Aiming: Ensorcelled Hibernation
Press: ? - help, Shift-Dir - straight line, f - troll
Aim: a troll (chance 69%)
You feel a surge of power!
The troll looks drowsy...
The ogre shouts!
The ogre mage gestures at you while chanting.
The fireball explodes!
The fireball engulfs you! The fire burns you terribly!
Ouch! That really hurt!
You die...

##..#).....#
#..........#
#..........#
#..†∩†.....#
#.........##
##.......## #.)......##
#.).......#
##.##.@.......#
#O............#
$.......T.O.....#
..............#
............... ## ..
#..#......(..∩.##.#
##..
.....#.∩..........##...
..........)O....#.g...
...O.....O...T.....#.


You could see an ogre mage (invisible), a troll (sleeping), a two-headed ogre
and an ogre.

Vanquished Creatures
  Rupert (Lair:8)
  Snorg (Orc:2)
  A fire dragon (Lair:3)
  Fannar (Lair:5)
  7 hydras
  Erica (Orc:4)
  3 death yaks (Lair:7)
  Nergalle (Lair:2)
  An unseen horror (D:10)
  A deep troll (Orc:4)
  A necromancer (Lair:7)
  6 hill giants
  2 ugly things (D:11)
  2 cyclopes
  2 orc sorcerers (Orc:4)
  Maurice (D:8)
  Joseph (Lair:1)
  4 elephants (Lair:8)
  2 torpor snails
  3 black mambas
  Psyche (D:8)
  6 komodo dragons
  2 fire drakes
  31 spiny frogs
  A giant leech (Lair:8)
  8 trolls
  A two-headed ogre (Orc:4)
  14 blink frogs
  3 basilisks
  A shadow (D:11)
  2 wyverns (D:11)
  5 hippogriffs
  81 yaks
  2 hungry ghosts
  14 wolves
  Edmund (D:7)
  A warg (Lair:2)
  15 water moccasins
  3 vampire mosquitoes
  13 orc warriors
  8 porcupines
  A swamp drake (D:11)
  8 spiders (Lair:6)
  3 ice beasts
  4 black bears
  4 sky beasts
  19 ogres
  5 phantoms
  9 centaurs
  The ghost of Enish the Insei, an average DrTm (Sewer)
  2 boring beetles
  4 big kobolds
  The ghost of aliceinspace the Magician, an average GrWz (D:3)
  16 crocodiles
  38 giant frogs
  A brain worm (Lair:5)
  3 scorpions
  4 electric eels (Lair:8)
  5 killer bees (D:9)
  3 crimson imps
  A quasit (D:6)
  4 goliath beetles
  4 gnoll shamans (D:9)
  7 jellies
  9 worker ants
  19 orc wizards
  A centaur skeleton (D:11)
  13 orc priests
  12 hounds
  7 iguanas
  2 polar bear simulacra (Lair:7)
  A yak simulacrum (Lair:7)
  4 wolf simulacra (Lair:7)
  32 sheep
  Jessica (D:2)
  A hound skeleton (D:5)
  18 adders
  10 gnolls (D:9)
  A worker ant zombie (D:6)
  A shadow imp (D:10)
  79 river rats
  8 worms
  An adder zombie (D:6)
  An adder skeleton (D:9)
  6 giant geckos
  3 oozes
  133 orcs
  3 ball pythons
  A bat skeleton (D:7)
  A bat zombie (D:7)
  6 giant cockroaches
  14 goblins
  23 hobgoblins
  12 jackals
  16 quokkas
  14 bats
  6 giant newts
  A jackal skeleton (D:4)
  23 kobolds
  A quokka skeleton (D:4)
  24 rats
  4 river rat simulacra (Lair:7)
914 creatures vanquished.

Vanquished Creatures (collateral kills)
  A water moccasin (Lair:6)
  2 adders (Sewer)
  A worm (Sewer)
  A kobold (Sewer)
5 creatures vanquished.

Vanquished Creatures (others)
  25 fungi
  19 plants
44 creatures vanquished.

Grand Total: 963 creatures vanquished

Notes
Turn   | Place    | Note
--------------------------------------------------------------
     0 | D:1      | Enish, the Spriggan Enchanter, began the quest for the Orb.
     0 | D:1      | Reached XP level 1. HP: 9/9 MP: 4/4
   196 | D:1      | Reached XP level 2. HP: 11/13 MP: 7/7
   200 | D:1      | Learned a level 2 spell: Ensorcelled Hibernation
   414 | D:2      | Found a deep blue altar of Sif Muna.
   415 | D:2      | Found a snail-covered altar of Cheibriados.
   648 | D:2      | Noticed Jessica
   656 | D:2      | Killed Jessica
   656 | D:2      | Reached XP level 3. HP: 14/16 MP: 8/11
   742 | D:2      | Learned a level 3 spell: Confuse
  1672 | D:1      | Reached XP level 4. HP: 21/21 MP: 11/14
  1817 | D:3      | Found a glowing drain.
  1829 | Sewer    | Entered a sewer
  1905 | Sewer    | Noticed Enish's ghost (average DrTm)
  1999 | Sewer    | Killed Enish's ghost
  1999 | Sewer    | Reached skill level 5 in Hexes
  1999 | Sewer    | Reached XP level 5. HP: 24/24 MP: 14/18
  2372 | Sewer    | Noticed a big kobold
  2385 | Sewer    | Killed a big kobold
  2385 | Sewer    | Reached skill level 5 in Spellcasting
  2385 | Sewer    | Reached XP level 6. HP: 28/28 MP: 13/21
  2630 | D:3      | Noticed aliceinspace's ghost (average GrWz)
  2650 | D:3      | Killed aliceinspace's ghost
  2689 | D:3      | Found a glowing silver altar of Zin.
  2726 | D:3      | Became a worshipper of Zin the Law-Giver
  2726 | D:3      | Acquired Zin's first power
  2859 | D:3      | Found a sacrificial altar of Ru.
  3116 | D:4      | Reached skill level 1 in Invocations
  3118 | D:4      | Reached skill level 6 in Hexes
  3211 | D:4      | Reached XP level 7. HP: 32/32 MP: 18/23
  3234 | D:4      | Acquired Zin's second power
  3925 | D:5      | Entered Level 5 of the Dungeon
  3960 | D:5      | Acquired Zin's third power
  3967 | D:5      | Reached skill level 5 in Short Blades
  4271 | D:5      | Reached XP level 8. HP: 21/36 MP: 12/25
  4372 | D:5      | Reached skill level 5 in Invocations
  5275 | D:6      | Reached skill level 7 in Short Blades
  5638 | D:6      | Found a staircase to the Ecumenical Temple.
  5929 | D:7      | Noticed Edmund
  5935 | D:7      | Killed Edmund
  5935 | D:7      | Reached skill level 8 in Short Blades
  5986 | D:7      | Reached XP level 9. HP: 27/39 MP: 0/26
  6351 | D:7      | Reached skill level 9 in Short Blades
  6490 | D:8      | Acquired Zin's fourth power
  6540 | D:8      | Noticed Psyche
  6577 | D:8      | Killed Psyche
  6577 | D:8      | Reached skill level 10 in Short Blades
  6817 | D:8      | Noticed Maurice
  6823 | D:8      | Killed Maurice
  6823 | D:8      | Reached skill level 11 in Short Blades
  6860 | D:8      | Got a warped ivory amulet
  6878 | D:8      | Identified the amulet "Rikk" {Gourm Str+5} (You found it on level 8 of the Dungeon)
  6915 | D:8      | Found a staircase to the Lair.
  7228 | Lair:1   | Entered Level 1 of the Lair of Beasts
  7298 | Lair:1   | Noticed a spiny frog
  7315 | Lair:1   | Reached skill level 5 in Dodging
  7324 | Lair:1   | Killed a spiny frog
  7563 | Lair:1   | Noticed a komodo dragon
  7579 | Lair:1   | Killed a komodo dragon
  7579 | Lair:1   | Reached XP level 10. HP: 44/44 MP: 19/27
  7611 | Lair:1   | Noticed Joseph
  7621 | Lair:1   | Killed Joseph
  7672 | Lair:1   | Noticed a spiny frog
  7693 | Lair:1   | Killed a spiny frog
  7693 | Lair:1   | Reached skill level 12 in Short Blades
  8018 | Lair:1   | Reached skill level 10 in Dodging
  8656 | Lair:2   | Noticed Nergalle
  8789 | Lair:2   | Killed Nergalle
  9013 | Lair:2   | Reached XP level 11. HP: 27/47 MP: 20/29
  9177 | Lair:2   | Reached skill level 10 in Hexes
  9247 | Lair:2   | Noticed a four-headed hydra
  9289 | Lair:2   | Killed a four-headed hydra
  9490 | Lair:2   | Noticed a four-headed hydra
  9529 | Lair:2   | Killed a four-headed hydra
  9664 | Lair:2   | Learned a level 2 spell: Sure Blade
 10141 | Lair:3   | Reached skill level 13 in Dodging
 10186 | Lair:3   | Noticed a five-headed hydra
 10204 | Lair:3   | Killed a five-headed hydra
 10220 | Lair:3   | Reached skill level 14 in Dodging
 10469 | Lair:3   | Reached skill level 15 in Dodging
 10621 | Lair:3   | Noticed a five-headed hydra
 10643 | Lair:3   | Killed a five-headed hydra
 10852 | Lair:3   | Found a staircase to the Swamp.
 10923 | Lair:3   | Noticed a fire dragon
 11037 | Lair:4   | Reached skill level 16 in Dodging
 11066 | Lair:4   | Reached XP level 12. HP: 51/51 MP: 15/29
 11421 | Lair:4   | Reached skill level 17 in Dodging
 12118 | Lair:5   | Reached skill level 18 in Dodging
 12170 | Lair:5   | Noticed Fannar
 12189 | Lair:5   | Killed Fannar
 12643 | Lair:5   | Noticed a five-headed hydra
 12663 | Lair:5   | Killed a five-headed hydra
 12663 | Lair:5   | Reached skill level 19 in Dodging
 13119 | Lair:6   | Found a viscous altar of Jiyva.
 13119 | Lair:6   | Found a staircase to the Slime Pits.
 13341 | Lair:6   | Found a hole to the Spider Nest.
 13348 | Lair:6   | Reached skill level 1 in Shields
 14135 | Lair:7   | Reached XP level 13. HP: 55/55 MP: 14/30
 14591 | Lair:7   | Noticed a four-headed hydra
 14614 | Lair:7   | Killed a four-headed hydra
 14614 | Lair:7   | Reached skill level 5 in Shields
 14708 | Lair:8   | Entered Level 8 of the Lair of Beasts
 15266 | Lair:8   | Reached skill level 20 in Dodging
 15735 | Lair:8   | Reached skill level 21 in Dodging
 17264 | Lair:8   | Identified the Grimoire of Enthralling Cold (You found it on level 8 of the Lair of Beasts)
 17336 | Lair:8   | Noticed Rupert
 17365 | Lair:8   | Killed Rupert
 17365 | Lair:8   | Reached XP level 14. HP: 36/59 MP: 26/34
 18265 | Lair:3   | Killed a fire dragon
 18454 | D:9      | Found a shadowy altar of Dithmenos.
 18560 | D:9      | Learned a level 5 spell: Gell's Gravitas
 18624 | D:9      | Reached skill level 1 in Translocations
 19128 | D:9      | Found a blossoming altar of Fedhas.
 19215 | D:9      | Found a burning altar of Makhleb.
 19254 | D:9      | Reached skill level 10 in Spellcasting
 19513 | D:10     | Entered Level 10 of the Dungeon
 19583 | D:10     | Reached skill level 1 in Fighting
 19586 | D:10     | Reached skill level 5 in Translocations
 20711 | D:11     | Learned a level 5 spell: Phase Shift
 20882 | D:11     | Found a staircase to the Orcish Mines.
 20980 | Orc:1    | Entered Level 1 of the Orcish Mines
 21622 | Orc:1    | Found a roughly hewn altar of Beogh.
 21977 | Orc:3    | Found a shimmering altar of Xom.
 22051 | Orc:3    | Found Shebeb's Assorted Antiques.
 22469 | Orc:2    | Found a roughly hewn altar of Beogh.
 22649 | Orc:2    | Noticed Snorg
 22665 | Orc:2    | Killed Snorg
 22785 | Orc:4    | Entered Level 4 of the Orcish Mines
 22882 | Orc:4    | Found Cari's Antique Armour Shoppe.
 23095 | Orc:4    | Found a staircase to the Elven Halls.
 23156 | Orc:4    | Noticed Erica
 23171 | Orc:4    | Killed Erica
 23438 | Orc:4    | Found Damoo's Distillery.
 23445 | Orc:4    | Found Briuj's Magic Scroll Boutique.
 23450 | Orc:4    | Found Doorgh Napha's Armour Shoppe.
 23502 | Orc:4    | Killed from afar by an ogre mage

Action                   |  1- 3 |  4- 6 |  7- 9 | 10-12 | 13-15 || total
-------------------------+-------+-------+-------+-------+-------++-------
Melee: Dagger            |   104 |   215 |   391 |   513 |  1429 ||  2652
       Long sword        |       |       |     2 |       |       ||     2
 Cast: Corona            |    10 |     2 |     6 |       |     1 ||    19
       Ensorcelled Hiber |    16 |    44 |   126 |   259 |   301 ||   746
       Confuse           |       |     6 |     9 |     2 |    24 ||    41
       Sure Blade        |       |       |       |     5 |     7 ||    12
       Phase Shift       |       |       |       |       |     1 ||     1
Invok: Recite            |       |     2 |     4 |     2 |     9 ||    17
       Vitalisation      |       |       |       |     2 |     5 ||     7
Evoke: Wand              |       |     5 |       |       |     7 ||    12
  Use: Scroll            |     9 |     5 |     2 |     6 |     7 ||    29
       Potion            |       |     2 |     6 |     1 |     2 ||    11
 Stab: Sleeping          |    21 |    31 |    85 |   137 |   161 ||   435
       Confused          |       |     5 |     5 |       |    27 ||    37
       Invisible         |       |       |     2 |     2 |     2 ||     6
       Distracted        |       |       |       |     1 |     2 ||     3
       Paralysed         |       |       |       |       |    11 ||    11
  Eat: Bread ration      |       |     1 |       |       |       ||     1
       Fruit             |       |       |     1 |     4 |     1 ||     6
       Pizza             |       |       |     1 |     1 |     5 ||     7
       Royal jelly       |       |       |       |       |     1 ||     1
